[Event "IV Estrellas 2022"]
[Site "La Palma"]
[Date "2022.08.09"]
[Round "5.3"]
[White "Kurajica, Bojan"]
[Black "Martinez Duany, Lelys Stanley"]
[Result "1/2-1/2"]
[ECO "A05"]
[WhiteElo "2525"]
[BlackElo "2497"]
[Annotator "RC"]
[PlyCount "77"]
[EventDate "2022.08.06"]
[EventType "swiss"]
[EventCountry "ESP"]
[SourceTitle "playchess.com"]
[Source "ChessBase"]
[SourceQuality "1"]
[TimeControl "5400+30"]

1. Nf3 Nf6 2. g3 g6 3. b3 Bg7 4. Bb2 O-O 5. Bg2 b6 6. Ne5 d5 7. d4 Bb7 8. O-O Nfd7 9. Nd3 e6 10. c4 a5 11. Nd2 Na6 12. e4 dxc4 13. Nxc4 Nb4 14. Nxb4 axb4 15. e5 Bxg2 16. Kxg2 b5 17. Ne3 c5 18. f4 Qc7 19. Qe2 Qb7+ 20. Qf3 Qxf3+ 21. Rxf3 Rfd8 22. Rf2 cxd4 23. Bxd4 Bf8 24. Rc1 Nf6 25. Bb6 Ne4 26. Bxd8 Nxf2 27. Kxf2 Rxd8 28. Ke2 h5 29. Nd1 g5 30. Nf2 gxf4 31. gxf4 Bh6 32. Ke3 f6 33. exf6 e5 34. Ke4 exf4 35. Nd3 Rd6 36. Rg1+ Kh7 37. f7 Rf6 38. Ne5 f3 39. Rf1 1/2-1/2

[Event "IV Estrellas 2022"]
[Site "La Palma"]
[Date "2022.08.09"]
[Round "5.4"]
[White "Cubas Cabrera, Angel Luis"]
[Black "Martinez Reyes, Pedro Ramon"]
[Result "1/2-1/2"]
[ECO "D76"]
[WhiteElo "2207"]
[BlackElo "2408"]
[Annotator "RC"]
[PlyCount "74"]
[EventDate "2022.08.06"]
[EventType "swiss"]
[EventCountry "ESP"]
[SourceTitle "playchess.com"]
[Source "ChessBase"]
[SourceQuality "1"]
[TimeControl "5400+30"]

1. d4 Nf6 2. Nf3 g6 3. g3 Bg7 4. Bg2 d5 5. c4 O-O 6. cxd5 Nxd5 7. Nc3 Nb6 8. O-O Nc6 9. e3 Be6 10. b3 a5 11. Bb2 a4 12. Rc1 axb3 13. axb3 Nb4 14. Ng5 Bf5 15. Bxb7 Nd3 16. Rb1 Rb8 17. Be4 Nxb2 18. Rxb2 e5 19. Bxf5 Qxg5 20. Bh3 exd4 21. exd4 c5 22. Ne2 cxd4 23. Nxd4 Nc4 24. Re2 Rfd8 25. bxc4 Bxd4 26. Rd2 Rb1 27. Qxb1 Qxd2 28. Qb3 Rd6 29. Bg2 Kg7 30. Bf3 Bc5 31. Kg2 h5 32. h4 Rf6 33. Qd1 Qc3 34. Bd5 Qb2 35. Bf3 Qc3 36. Bd5 Qb2 37. Bf3 Qc3 1/2-1/2

[Event "IV Estrellas 2022"]
[Site "La Palma"]
[Date "2022.08.09"]
[Round "5.5"]
[White "Pierrot, Facundo"]
[Black "Brito Garcia, Alfredo"]
[Result "1-0"]
[ECO "C65"]
[WhiteElo "2371"]
[BlackElo "2291"]
[Annotator "ChessBase"]
[PlyCount "51"]
[EventDate "2022.08.06"]
[EventType "swiss"]
[EventCountry "ESP"]
[SourceTitle "playchess.com"]
[Source "ChessBase"]
[SourceQuality "1"]
[TimeControl "5400+30"]

1. e4 e5 2. Nf3 Nc6 3. Bb5 Nf6 4. d3 Bc5 5. c3 O-O 6. O-O d5 7. exd5 Qxd5 8. Bc4 Qd8 9. Nbd2 a5 10. h3 Bf5 11. Qe2 Re8 12. Ng5 Bg6 13. Nde4 Nxe4 14. dxe4 Qf6 15. h4 h6 16. h5 hxg5 17. hxg6 Qxg6 18. g3 Nd8 19. Kg2 Ne6 20. Rh1 Rad8 21. Qg4 Nf4+ 22. Kf3 Nd3 23. Bxg5 Nxf2 24. Qh4 Qxe4+ 25. Qxe4 Nxe4 26. Kxe4 1-0

[Event "IV Estrellas 2022"]
[Site "La Palma"]
[Date "2022.08.09"]
[Round "5.6"]
[White "Capote Robayna, Nathaniel"]
[Black "Pap, Misa"]
[Result "0-1"]
[ECO "B07"]
[WhiteElo "2150"]
[BlackElo "2375"]
[Annotator "RC"]
[PlyCount "62"]
[EventDate "2022.08.06"]
[EventType "swiss"]
[EventCountry "ESP"]
[SourceTitle "playchess.com"]
[Source "ChessBase"]
[SourceQuality "1"]
[TimeControl "5400+30"]

1. d4 Nf6 2. Bf4 d6 3. Nc3 c6 4. e4 Qb6 5. Rb1 e5 6. dxe5 Ng4 7. Bg3 h5 8. Nf3 h4 9. Nxh4 dxe5 10. Nf5 Bxf5 11. exf5 Nf6 12. Bxe5 Nbd7 13. Bd4 Bc5 14. Qe2+ Kf8 15. Bxc5+ Nxc5 16. Qf3 Re8+ 17. Be2 Nce4 18. Nxe4 Nxe4 19. Qa3+ Kg8 20. Qe3 Qa5+ 21. c3 Nf6 22. Qd3 Qe5 23. h4 Rh5 24. Rh3 Nd5 25. Kf1 Rxf5 26. Bg4 Rf6 27. Qg3 Qe4 28. Rd1 Rg6 29. f4 Nxf4 30. Qf3 Qc4+ 31. Kg1 Rxg4 0-1

[Event "IV Estrellas 2022"]
[Site "La Palma"]
[Date "2022.08.09"]
[Round "5.7"]
[White "Roeder, Matthias"]
[Black "Del Rey, Diego"]
[Result "1/2-1/2"]
[ECO "A12"]
[WhiteElo "2357"]
[BlackElo "2358"]
[Annotator "RC"]
[PlyCount "44"]
[EventDate "2022.08.06"]
[EventType "swiss"]
[EventCountry "ESP"]
[SourceTitle "playchess.com"]
[Source "ChessBase"]
[SourceQuality "1"]
[TimeControl "5400+30"]

1. Nf3 d5 2. g3 Nf6 3. Bg2 c6 4. O-O Bf5 5. b3 e6 6. Bb2 Nbd7 7. d3 h6 8. Nbd2 Be7 9. c4 O-O 10. a3 a5 11. Ra2 Re8 12. Qa1 Bf8 13. Ne5 Nxe5 14. Bxe5 Bg6 15. h3 Bd6 16. Nf3 Bh7 17. Rc1 Bxe5 18. Nxe5 Nd7 19. Nxd7 Qxd7 20. b4 axb4 21. axb4 Rxa2 22. Qxa2 Ra8 1/2-1/2

[Event "IV Estrellas 2022"]
[Site "La Palma"]
[Date "2022.08.09"]
[Round "5.8"]
[White "Amador Garcia, Ismael"]
[Black "Garcia Blanco, Omar"]
[Result "1/2-1/2"]
[ECO "B12"]
[WhiteElo "2128"]
[BlackElo "2352"]
[Annotator "RC"]
[PlyCount "152"]
[EventDate "2022.08.06"]
[EventType "swiss"]
[EventCountry "ESP"]
[SourceTitle "playchess.com"]
[Source "ChessBase"]
[SourceQuality "1"]
[TimeControl "5400+30"]

1. e4 c6 2. d4 d5 3. e5 Bf5 4. c4 e6 5. Nc3 dxc4 6. Bxc4 Nd7 7. Be3 Ne7 8. h3 Bg6 9. Nf3 Nf5 10. O-O Nxe3 11. fxe3 Be7 12. Ne2 Nb6 13. Bb3 Nd5 14. Bxd5 exd5 15. e6 Bd6 16. Nf4 Bxf4 17. exf7+ Bxf7 18. exf4 O-O 19. f5 Qd6 20. Ne5 Rae8 21. Qg4 c5 22. f6 g6 23. Qf4 Re6 24. Qh6 Rxf6 25. Rxf6 Qxf6 26. Qxf8+ Kxf8 27. Nd7+ Ke7 28. Nxf6 Kxf6 29. Rf1+ Ke6 30. Re1+ Kd7 31. dxc5 h5 32. Kf2 d4 33. Rd1 Kc6 34. Rxd4 Kxc5 35. Ra4 a6 36. a3 Bc4 37. Ke3 Bf1 38. Rf4 Bxg2 39. h4 Bh3 40. Ke4 Bd7 41. Ke5 a5 42. Rf6 a4 43. Rxg6 b5 44. Rg5 Be8 45. Ke6+ Kc4 46. Rg3 b4 47. Ke7 Bc6 48. Kd6 bxa3 49. bxa3 Be4 50. Re3 Bd3 51. Kc6 Bf5 52. Kb6 Bc2 53. Ka5 Kd4 54. Re2 Bb3 55. Kb4 Kd5 56. Rb2 Kc6 57. Rxb3 axb3 58. Kxb3 Kb5 59. a4+ Ka5 60. Ka3 Ka6 61. Kb4 Kb6 62. a5+ Ka6 63. Ka4 Ka7 64. Kb5 Kb7 65. Kc5 Ka6 66. Kd5 Kxa5 67. Ke5 Kb5 68. Kf5 Kc5 69. Kg5 Kd6 70. Kxh5 Ke7 71. Kg6 Kf8 72. Kh7 Kf7 73. h5 Kf8 74. Kh8 Kf7 75. h6 Kf8 76. Kh7 Kf7 1/2-1/2

[Event "IV Estrellas 2022"]
[Site "La Palma"]
[Date "2022.08.09"]
[Round "5.9"]
[White "Herrera Reyes, Jose Antonio"]
[Black "Perez Bolanos, David"]
[Result "1-0"]
[ECO "C44"]
[WhiteElo "2345"]
[BlackElo "2041"]
[Annotator "RC"]
[PlyCount "63"]
[EventDate "2022.08.06"]
[EventType "swiss"]
[EventCountry "ESP"]
[SourceTitle "playchess.com"]
[Source "ChessBase"]
[SourceQuality "1"]
[TimeControl "5400+30"]

1. e4 e5 2. Nf3 Nc6 3. c4 Bc5 4. a3 a5 5. Nxe5 Qh4 6. Nd3 Qxe4+ 7. Qe2 Qxe2+ 8. Bxe2 Ba7 9. Nf4 Nf6 10. d3 O-O 11. Be3 Nd4 12. Bd1 Re8 13. Kd2 Ne6 14. Nxe6 Bxe3+ 15. fxe3 fxe6 16. Nc3 d6 17. g4 Bd7 18. g5 Bc6 19. gxf6 Bxh1 20. e4 Bg2 21. Bg4 g6 22. Rg1 h5 23. Bd1 Bh3 24. Bxh5 Kf7 25. Bxg6+ Kxf6 26. Bxe8 Rxe8 27. Nb5 Re7 28. Rg3 Rh7 29. Nxc7 Rxc7 30. Rxh3 Rg7 31. Kc3 e5 32. Rh8 1-0

[Event "IV Estrellas 2022"]
[Site "La Palma"]
[Date "2022.08.09"]
[Round "5.10"]
[White "Acosta Sosa, Juan Manuel"]
[Black "Diaz Perez, Michel Alejandro"]
[Result "1-0"]
[ECO "A03"]
[WhiteElo "2310"]
[BlackElo "2433"]
[Annotator "RC"]
[PlyCount "81"]
[EventDate "2022.08.06"]
[EventType "swiss"]
[EventCountry "ESP"]
[SourceTitle "playchess.com"]
[Source "ChessBase"]
[SourceQuality "1"]
[TimeControl "5400+30"]

1. f4 d5 2. Nf3 Nf6 3. b3 c5 4. Bb2 e6 5. e3 Bd6 6. Be2 Nc6 7. O-O O-O 8. Ne5 Nd7 9. Nxc6 bxc6 10. c4 e5 11. Nc3 Nf6 12. cxd5 cxd5 13. Nb5 e4 14. Nxd6 Qxd6 15. Rc1 Nd7 16. Bb5 Qb6 17. Ba4 Rd8 18. Qh5 Nf6 19. Qh4 Ba6 20. Rf2 Rac8 21. g4 d4 22. g5 Nd5 23. f5 dxe3 24. dxe3 Nxe3 25. f6 Nd1 26. g6 fxg6 27. f7+ Kf8 28. Qxh7 Nxb2 29. Qg8+ Ke7 30. Qxg7 Rf8 31. Qe5+ Qe6 32. Qg5+ Kd6 33. Rf6 Rxf7 34. Rxe6+ Kxe6 35. Rxc5 Rxc5 36. Qxc5 Bb7 37. Bc6 Rf5 38. Qc1 Bxc6 39. Qxc6+ Kf7 40. Qxe4 Kg8 41. Qe2 1-0

[Event "IV Estrellas 2022"]
[Site "La Palma"]
[Date "2022.08.09"]
[Round "5.11"]
[White "Segura Marsa, Andres"]
[Black "Hernandez Leon, Sergio"]
[Result "0-1"]
[ECO "B06"]
[WhiteElo "1849"]
[BlackElo "2094"]
[Annotator "RC"]
[PlyCount "32"]
[EventDate "2022.08.06"]
[EventType "swiss"]
[EventCountry "ESP"]
[SourceTitle "playchess.com"]
[Source "ChessBase"]
[SourceQuality "1"]
[TimeControl "5400+30"]

1. e4 g6 2. d4 Bg7 3. Nf3 c6 4. h3 d5 5. exd5 cxd5 6. Be2 Nc6 7. c3 Nf6 8. O-O O-O 9. Nbd2 b6 10. Re1 Bb7 11. Nb3 e6 12. a4 Ne4 13. Bd3 f5 14. Ne5 Nxe5 15. dxe5 Qh4 16. f4 Nf2 0-1

[Event "IV Estrellas 2022"]
[Site "La Palma"]
[Date "2022.08.09"]
[Round "5.12"]
[White "Sosa Suarez, Carla Cristina"]
[Black "Ramirez Maillo, Cristian"]
[Result "0-1"]
[ECO "B36"]
[WhiteElo "2125"]
[BlackElo "1896"]
[Annotator "RC"]
[PlyCount "101"]
[EventDate "2022.08.06"]
[EventType "swiss"]
[EventCountry "ESP"]
[SourceTitle "playchess.com"]
[Source "ChessBase"]
[SourceQuality "1"]
[TimeControl "5400+30"]

1. e4 c5 2. Nf3 g6 3. d4 cxd4 4. Nxd4 Nc6 5. c4 Nf6 6. Nc3 d6 7. Be2 Nxd4 8. Qxd4 Bg7 9. Be3 O-O 10. Qd3 a5 11. O-O a4 12. Bd4 Qa5 13. Rab1 Be6 14. f4 Bg4 15. Bxg4 Nxg4 16. Nd5 Bxd4+ 17. Qxd4 e5 18. Qb6 Qxb6+ 19. Nxb6 Ra6 20. Nd5 exf4 21. Rxf4 Ne5 22. Rbf1 Kg7 23. Nc7 Rb6 24. Ne6+ fxe6 25. Rxf8 Rxb2 26. R8f2 a3 27. Rxb2 axb2 28. Rb1 Nxc4 29. Kf2 Kf6 30. Ke2 Ke5 31. Kd3 d5 32. exd5 Kxd5 33. Kc3 e5 34. Rd1+ Kc5 35. Re1 e4 36. Kc2 e3 37. a3 b5 38. Kc3 Kd5 39. Rd1+ Ke4 40. Rd4+ Ke5 41. Rd1 Nd2 42. Kxb2 Ke4 43. Kc3 e2 44. Rc1 Ke3 45. Kb4 Nc4 46. Kxb5 Nxa3+ 47. Kb4 Kd2 48. Rh1 Nc2+ 49. Kc4 e1=Q 50. Rxe1 Nxe1 51. Kd4 0-1

[Event "IV Estrellas 2022"]
[Site "La Palma"]
[Date "2022.08.09"]
[Round "5.13"]
[White "Perez Bolanos, Joel"]
[Black "Rodriguez Bittar, Karim Javier"]
[Result "1/2-1/2"]
[ECO "A07"]
[WhiteElo "2036"]
[BlackElo "1881"]
[Annotator "RC"]
[PlyCount "151"]
[EventDate "2022.08.06"]
[EventType "swiss"]
[EventCountry "ESP"]
[SourceTitle "playchess.com"]
[Source "ChessBase"]
[SourceQuality "1"]
[TimeControl "5400+30"]

1. Nf3 d5 2. g3 c6 3. Bg2 Nf6 4. O-O Bg4 5. h3 Bh5 6. c4 e6 7. Qb3 Qb6 8. d3 Qxb3 9. axb3 Nbd7 10. Be3 a6 11. Bd2 Bd6 12. Bc3 O-O 13. g4 Bg6 14. Nh4 Rfe8 15. Nd2 Rac8 16. b4 dxc4 17. dxc4 Be5 18. Bxe5 Nxe5 19. f4 Ned7 20. e4 h6 21. e5 Nh7 22. Nxg6 fxg6 23. Ne4 Red8 24. Rad1 g5 25. Rd6 gxf4 26. Rfd1 Nhf8 27. Nc5 Rc7 28. Nxe6 Nxe6 29. Rxe6 Rf8 30. Be4 Nb6 31. b3 Rd7 32. Rdd6 Rfd8 33. c5 Nd5 34. Bf5 Rxd6 35. Rxd6 Rxd6 36. cxd6 Kf7 37. e6+ Kf6 38. e7 Nxe7 39. dxe7 Kxe7 40. Bc8 b6 41. Bxa6 Kd6 42. Kf2 Ke5 43. Bb7 c5 44. bxc5 bxc5 45. Kf3 g5 46. Ke2 Kd4 47. Kd2 c4 48. b4 c3+ 49. Kc2 Kc4 50. b5 Kxb5 51. Kxc3 Kc5 52. Bf3 Kd6 53. Kd4 Ke6 54. Ke4 h5 55. gxh5 Kf6 56. Kd5 Kg7 57. Ke6 Kh8 58. Kf6 Kh7 59. Be2 f3 60. Bxf3 Kh8 61. Be4 Kg8 62. Bf5 Kh8 63. Ke7 Kg7 64. Ke6 Kh8 65. Kf6 Kg8 66. Kg6 Kh8 67. h6 Kg8 68. Kh5 Kh8 69. h7 Kg7 70. Be4 Kh8 71. Bf5 Kg7 72. Bg6 Kh8 73. Kh6 g4 74. h4 g3 75. Be4 g2 76. Bxg2 1/2-1/2

[Event "IV Estrellas 2022"]
[Site "La Palma"]
[Date "2022.08.09"]
[Round "5.14"]
[White "Perez Aleman, Pedro Tomas"]
[Black "Baeza Escudero, Javier"]
[Result "0-1"]
[ECO "D00"]
[WhiteElo "2038"]
[BlackElo "1861"]
[Annotator "RC"]
[PlyCount "112"]
[EventDate "2022.08.06"]
[EventType "swiss"]
[EventCountry "ESP"]
[SourceTitle "playchess.com"]
[Source "ChessBase"]
[SourceQuality "1"]
[TimeControl "5400+30"]

1. d4 Nf6 2. Nc3 d5 3. Bf4 g6 4. e3 Bg7 5. h4 h5 6. Nf3 Bg4 7. Be2 c6 8. Ne5 Bxe2 9. Qxe2 Nbd7 10. O-O-O a5 11. g4 a4 12. a3 Nb6 13. gxh5 Nxh5 14. Rdg1 Nxf4 15. exf4 Bxe5 16. Qxe5 Rf8 17. h5 Nc4 18. Qg7 Qb6 19. Nd1 gxh5 20. Rxh5 O-O-O 21. Qg4+ Kb8 22. f5 Rg8 23. Qf4+ Ka7 24. Rhg5 Rxg5 25. Qxg5 f6 26. Qg7 Rd7 27. Rg4 Qa5 28. c3 Qb5 29. Qf8 Nd6 30. Rg8 Kb6 31. Qa8 Qa6 32. Ne3 Qxa8 33. Rxa8 Kb5 34. f3 Rc7 35. Rh8 Nf7 36. Rh5 b6 37. f4 Rd7 38. Rh7 Nd6 39. Kc2 Nc4 40. Ng4 Rc7 41. Nxf6 Ne3+ 42. Kd3 Nxf5 43. Ng4 c5 44. Ne5 cxd4 45. cxd4 Rc1 46. Rf7 e6 47. Nf3 Rd1+ 48. Ke2 Rb1 49. Rf6 Rxb2+ 50. Ke1 Rb3 51. Ng5 Nxd4 52. Kd2 Kc4 53. Nxe6 Rd3+ 54. Kc1 Nb3+ 55. Kb2 Rd2+ 56. Kb1 Kc3 0-1

[Event "IV Estrellas 2022"]
[Site "La Palma"]
[Date "2022.08.09"]
[Round "5.15"]
[White "Santos Ramos, Carlos"]
[Black "Miranda Herrera, Miguel"]
[Result "0-1"]
[ECO "A00"]
[WhiteElo "1855"]
[BlackElo "1904"]
[Annotator "RC"]
[PlyCount "126"]
[EventDate "2022.08.06"]
[EventType "swiss"]
[EventCountry "ESP"]
[SourceTitle "playchess.com"]
[Source "ChessBase"]
[SourceQuality "1"]
[TimeControl "5400+30"]

1. d3 e5 2. g3 f5 3. Bg2 Nf6 4. Bg5 h6 5. Bxf6 Qxf6 6. e4 fxe4 7. Bxe4 Bb4+ 8. c3 O-O 9. Qe2 Bc5 10. Nf3 c6 11. d4 exd4 12. Nxd4 d5 13. Bg2 Bg4 14. f3 Nd7 15. O-O Bxd4+ 16. cxd4 Qxd4+ 17. Qf2 Qxf2+ 18. Rxf2 Bf5 19. Nd2 Rae8 20. g4 Bd3 21. Bf1 Bxf1 22. Raxf1 Nc5 23. f4 Re7 24. f5 Nd3 25. Rg2 Nxb2 26. Nf3 Nc4 27. Nh4 Rfe8 28. f6 gxf6 29. Rxf6 Re1+ 30. Kf2 R1e6 31. Rxe6 Rxe6 32. Nf5 c5 33. Rg3 d4 34. Rh3 Ne5 35. Kg3 d3 36. Nxh6+ Rxh6 37. Rxh6 c4 38. Rd6 c3 39. Kf4 c2 40. Kxe5 c1=Q 41. Rxd3 Qg5+ 42. Kd4 Qxg4+ 43. Kc3 Qe2 44. Rd2 Qe1 45. Kc2 Kf7 46. Kd3 Kf6 47. Re2 Qb1+ 48. Ke3 Kf5 49. Kf2 Kf4 50. Kg2 Qg6+ 51. Kf2 Qh5 52. Ke1 Kf3 53. Rf2+ Ke3 54. Kf1 Qg4 55. a3 b5 56. Rb2 Qc4+ 57. Kg2 Qg8+ 58. Kf1 Qf8+ 59. Ke1 Qxa3 60. Re2+ Kd3 61. Rd2+ Kc3 62. Re2 b4 63. Re3+ Kc2 0-1

[Event "IV Estrellas 2022"]
[Site "La Palma"]
[Date "2022.08.09"]
[Round "5.16"]
[White "Marrero Rodriguez, Jorge"]
[Black "Martin Rodriguez, Jose Carlos"]
[Result "1-0"]
[ECO "B07"]
[WhiteElo "1941"]
[BlackElo "1804"]
[Annotator "TA"]
[PlyCount "59"]
[EventDate "2022.08.06"]
[EventType "swiss"]
[EventCountry "ESP"]
[SourceTitle "playchess.com"]
[Source "ChessBase"]
[SourceQuality "1"]
[TimeControl "5400+30"]

1. e4 d6 2. d4 Nf6 3. Nc3 g6 4. Bc4 Bg7 5. Qe2 e5 (5... Nc6 $11 {remains equal.}) 6. Nf3 {[%emt 0:00:11] B07: Pirc Defence: Miscellaneous Systems.} Bg4 7. dxe5 {[%emt 0:04:26] [#] White is more active.} Bxf3 $146 {[%emt 0:00:16][%mdl 64] Remove Defender} ({Predecessor:} 7... dxe5 8. Bxf7+ Kf8 9. Bb3 Nc6 10. Be3 Nd4 11. Nxd4 exd4 12. Qc4 Qe7 13. Bxd4 b6 14. O-O c5 15. Bxf6 Qxf6 16. e5 Qe7 17. Qxg4 {1-0 (17) Ingvason,J (2175)-Finnsson,J (1761) Reykjavik 2019}) 8. Qxf3 {White is better.} ({Don't take} 8. gxf3 dxe5 9. Be3 O-O $14) 8... dxe5 9. Nd5 {[%emt 0:01:01] aiming for Bg5.} c6 {[%emt 0:00:07] [#]} (9... Nbd7 $16 {was necessary.}) 10. Bh6 $1 $18 O-O (10... Bxh6 $2 11. Nxf6+ Kf8 12. Ng4 $18) 11. Nxf6+ Bxf6 (11... Qxf6 {is a better defense.} 12. Qxf6 Bxf6 13. Bxf8 Kxf8) 12. Bxf8 Kxf8 13. O-O {[%emt 0:00:24] Hoping for Rfd1.} Kg7 14. Rad1 Qf8 (14... Qe7 $142 15. Rd3 b5) 15. a4 {[%emt 0:01:29][%cal Ba2a4,Ba4b5,Bb5c6][%mdl 32] And now Qb3 would win.} Qc5 (15... b6 $142 16. Qb3 Qe7) 16. Qb3 Qe7 17. Rd3 b5 18. axb5 Nd7 {[%emt 0:00:01] [#]} 19. Rxd7 Qxd7 20. bxc6 Qc7 21. Qb7 {[%emt 0:00:08] White is clearly winning.} Rc8 22. Ba6 Qxb7 23. Bxb7 {[%emt 0:00:04][%mdl 4096] Endgame KRB-KRB} Rc7 24. Ra1 Be7 25. c3 Bc5 26. b4 Bb6 27. Kf1 Kf6 28. Ke2 Ke6 29. Ra6 f5 30. exf5+ {[%emt 0:00:18] Black got outplayed after the opening.  Weighted Error Value: White=0.13 (very precise) /Black=0.51} 1-0

[Event "IV Estrellas 2022"]
[Site "La Palma"]
[Date "2022.08.09"]
[Round "5.17"]
[White "Pleschke, Julius Jonas"]
[Black "Haertl, Siegfried"]
[Result "1-0"]
[ECO "B13"]
[WhiteElo "1685"]
[BlackElo "1924"]
[Annotator "TA"]
[PlyCount "95"]
[EventDate "2022.08.06"]
[EventType "swiss"]
[EventCountry "ESP"]
[SourceTitle "playchess.com"]
[Source "ChessBase"]
[SourceQuality "1"]
[TimeControl "5400+30"]

1. e4 c6 2. d4 d5 3. exd5 cxd5 4. Bd3 Nc6 5. c3 Nf6 6. Bf4 e6 7. Nd2 Bd6 8. Bxd6 Qxd6 9. Ngf3 O-O 10. O-O Re8 11. Re1 e5 $2 {[%emt 0:00:33] B13: Caro-Kann: Exchange Variation and Panov-Botvinnik Attack.} (11... Nd7 $14) 12. dxe5 $1 $18 Nxe5 13. Nxe5 ({Only move:} 13. Rxe5 $18 Rxe5 {[#]} 14. Nc4 $1 (14. Nxe5 Qxe5 15. Nf3 Qd6 $14) 14... dxc4 15. Bxh7+ $1 Nxh7 16. Qxd6) 13... Rxe5 $14 {[%emt 0:00:08] White is slightly better.} 14. h3 Bd7 15. Rxe5 Qxe5 16. Nf3 Qf4 17. Qd2 Qxd2 18. Nxd2 Re8 19. Nb3 Kf8 {[%emt 0:01:59] [#]} 20. Nd4 $146 ({Predecessor:} 20. Nc5 Bc6 21. Nb3 h6 22. f3 Re3 23. Bf1 b6 24. Nd4 Bd7 25. Kf2 Re7 26. b4 {½-½ (64) Pajnhart,T (1860)-Drobnic,J (1779) Ljubljana 2012}) 20... g6 21. Rd1 a6 22. Bc2 Re5 23. Bb3 Bc6 24. Kh2 h5 25. g3 Ne4 26. Kg2 Nf6 27. a4 Re4 28. a5 Re5 29. Bc2 Re7 30. Nxc6 bxc6 {[%emt 0:00:03][%mdl 4096] Endgame KRB-KRN} 31. Bd3 {[%emt 0:00:07] Inhibits Re2.} Ra7 32. b4 Nd7 33. Re1 Nb8 34. f4 {[%emt 0:00:54] White is more active.} Re7 $2 (34... Nd7 $16) 35. Rxe7 $18 Kxe7 {[%emt 0:00:06] KB-KN} 36. Kf3 Kd6 37. Ke3 {[%emt 0:00:35] Black must now prevent Kd4.} Ke6 $2 (37... c5 38. f5 g5) 38. Kd4 Kd6 39. c4 h4 40. g4 dxc4 41. Bxc4 f6 42. Bd3 g5 43. f5 (43. fxg5 $18 fxg5 44. Bc4) 43... Kc7 $14 44. Ke4 c5 $2 (44... Kd6 $14) 45. bxc5 $18 {[%emt 0:00:33][%cal Bb4c5,Bc5c6][%mdl 32] White is clearly winning.} Nc6 46. Bxa6 Nxa5 47. Kd5 Kd7 48. c6+ {[%emt 0:00:23] Weighted Error Value: White=0.49/Black=0.66} 1-0

[Event "IV Estrellas 2022"]
[Site "La Palma"]
[Date "2022.08.09"]
[Round "5.18"]
[White "Martin Ramos, Daniel"]
[Black "Carraminana Lopez, Luis Antonio"]
[Result "0-1"]
[ECO "C41"]
[WhiteElo "1582"]
[BlackElo "1910"]
[Annotator "RC"]
[PlyCount "44"]
[EventDate "2022.08.06"]
[EventType "swiss"]
[EventCountry "ESP"]
[SourceTitle "playchess.com"]
[Source "ChessBase"]
[SourceQuality "1"]
[TimeControl "5400+30"]

1. e4 d6 2. d4 Nf6 3. Nc3 e5 4. Nf3 Nbd7 5. Bc4 Be7 6. h3 c6 7. a4 a5 8. O-O O-O 9. Re1 Nb6 10. Ba2 Nfd7 11. Be3 exd4 12. Qxd4 Nc5 13. Qd2 Nbxa4 14. Nxa4 Nxa4 15. Bxf7+ Rxf7 16. Rxa4 Rxf3 17. gxf3 Bxh3 18. Kh2 Be6 19. Rea1 Qf8 20. Rxa5 Rxa5 21. Qxa5 Qxf3 22. Rg1 Qh3# 0-1

[Event "IV Estrellas 2022"]
[Site "La Palma"]
[Date "2022.08.09"]
[Round "6.1"]
[White "Pulvett Marin, Daniel Eduardo"]
[Black "Baskin, Robert"]
[Result "0-1"]
[ECO "D52"]
[WhiteElo "2523"]
[BlackElo "2408"]
[Annotator "TA"]
[PlyCount "48"]
[EventDate "2022.08.06"]
[EventType "swiss"]
[EventCountry "ESP"]
[SourceTitle "playchess.com"]
[Source "ChessBase"]
[SourceQuality "1"]
[TimeControl "5400+30"]

1. d4 d5 2. c4 c6 3. Nf3 Nf6 4. Nc3 e6 5. Bg5 Nbd7 6. e3 Qa5 7. Nd2 dxc4 8. Bxf6 Nxf6 9. Nxc4 Qc7 10. Rc1 Be7 11. g3 O-O {[%emt 0:00:30] 11...Nd5 is vanishing. D52: Queen's Gambit Declined: Cambridge Springs Variation.} 12. Bg2 c5 {[%emt 0:00:30] [#]} 13. Nb5 $146 {[%emt 0:00:30] Pair of Knights!} ({Predecessor:} 13. O-O cxd4 14. Nb5 Qc5 15. Nxd4 Rd8 16. Qe2 e5 17. b4 Qc7 18. Nb5 Qb8 19. Qb2 {½-½ (30) Khademalsharieh,S (2481)-Naiditsch,A (2681) Changsha 2019}) 13... Qb8 {[%emt 0:00:30] White is slightly better.} 14. dxc5 Bxc5 15. Qb3 {[%emt 0:00:30] Inhibits Bb4+.} a6 16. Nc3 b5 {[%emt 0:00:30] Prevents Na4.} 17. Na5 Bd7 $1 18. O-O {[%emt 0:00:30] [#] Strongly threatening Ne4.} Ra7 {[%emt 0:00:30] ...Qb6 is the strong threat.} 19. Rfd1 $2 {[%emt 0:00:30] This move loses the game for White.} (19. Ne4 $11 {and White has nothing to worry.} Nxe4 20. Bxe4) 19... Qb6 $19 20. Ne4 Nxe4 21. Bxe4 {[%emt 0:00:30][%cal Oa5b7] [#] Black must now prevent Nb7!} Rc8 $1 22. Nc6 ({Reject} 22. Qc3 b4 23. Bxh7+ Kxh7 $19) (22. Rxc5 Rxc5 23. Qb4) 22... Bxc6 {[%emt 0:00:30] Black is clearly winning.} 23. Bxc6 Rxc6 ({Don't blunder} 23... Qxc6 $2 24. Qd3 Qe8 25. Rc2 $19) 24. Qd3 Bf8 {[%emt 0:00:30] Weighted Error Value: White=0.54/Black=0.03 (flawless)} 0-1